 Dungeon Crawl Stone Soup version 0.17.1-1-g73c8601 (webtiles) character file.

1171 Implojin the Grappler (level 8, -4/74 HPs)
             Began as a Troll Fighter on Apr 8, 2016.
             Slain by Erolcha
             ... wielding a +5 giant club
              (25 damage)
             ... on level 9 of the Dungeon.
             The game lasted 00:09:29 (1518 turns).

Implojin the Grappler (Troll Fighter)               Turns: 1518, Time: 00:09:29

Health: -4/74      AC:  6    Str: 30    XL:     8   Next: 18%
Magic:  7/7        EV: 10    Int:  4    God:
Gold:   129        SH:  9    Dex: 11    Spells: 0 memorised, 7 levels left

rFire  + . .     SeeInvis .       - Unarmed
rCold  + . .     Clarity  .     a - +1 robe
rNeg   . . .     SustAt   .     b - +0 shield
rPois  +         Gourm    +     (helmet restricted)
rElec  +         Spirit   .     (no cloak)
rCorr  +         Warding  .     (gloves unavailable)
rMut   .         Stasis   .     (boots unavailable)
MR     +....                    (no amulet)
Stlth  +.........               i - +2 ring of evasion
                                h - ring of protection from magic

@: mighty, resistant, somewhat resistant to hostile enchantments, very
unstealthy
A: unfitting armour, claws 3, fast metabolism 3, gourmand, regeneration 2,
shaggy fur 1, tough skin 2
a: no special abilities


You were on level 9 of the Dungeon.
You were not hungry.

You visited 2 branches of the dungeon, and saw 10 of its levels.

You collected 129 gold pieces.

Inventory:

Armour
 a - a +1 robe (worn)
 b - a +0 shield (worn)
Rods
 v - a +0 rod of ignition (9/9)
   (You found it on level 7 of the Dungeon)
Jewellery
 g - a -4 ring of intelligence
 h - a ring of protection from magic (left claw)
 i - a +2 ring of evasion (right claw)
 l - an uncursed ring of ice
Wands
 u - a wand of frost (33)
Scrolls
 j - 3 scrolls of teleportation
 m - a scroll of amnesia
 p - a scroll of recharging {unknown}
 s - a scroll of identify
 w - a scroll of acquirement {unknown}
Potions
 c - 3 potions of might
 e - a potion of lignification {unknown}
 k - a potion of degeneration {unknown}
 n - a potion of haste {unknown}
 o - 3 potions of heal wounds {unknown}
 q - 3 potions of resistance
 x - a potion of curing
Comestibles
 d - 5 bread rations
 f - 6 fruits
 r - a slice of pizza
 t - a meat ration


   Skills:
 - Level 2.4 Fighting
 - Level 2.4 Dodging
 - Level 2.4 Shields
 * Level 9.9 Unarmed Combat


You had 7 spell levels left.
You didn't know any spells.

Dungeon Overview and Level Annotations

Branches:
Dungeon (9/15)             Temple (1/1) D:5
   Lair: D:8-11         Orc: D:9-12

Altars:
Ashenzari
Elyvilon
Fedhas
Gozag
Kikubaaqudgha
Makhleb
Nemelex Xobeh
Qazlal
Ru
Trog
Xom
Zin

Annotations:
D:9 Erolcha


Innate Abilities, Weirdness & Mutations

You are too large for most types of armour.
You have claws for hands.
Your metabolism is lightning-fast.
You like to eat raw meat.
You heal very quickly.
You are covered in fur (AC +1).
You have very tough skin (AC +2).


Message History

You claw the orc wizard!
You kill the orc wizard!
You closely miss something. You claw something!
Reactivating autopickup.
You feel a bit more experienced.
Items here: ))) [[[ ††
Items here: ))) [[[ ††
Okay, then.
You closely miss the orc wizard.
The orc wizard hits you but does no damage.
You scratch the orc wizard but do no damage.
The orc wizard casts a spell at you. The magic dart hits you!
You claw the orc wizard!
You kill the orc wizard!
You now have 129 gold pieces (gained 16).
Things that are here:
a dagger; a robe
Found a stone staircase leading down.
Found 21 stones.
There is a stone staircase leading down here.
You climb downwards.
Found a potion of curing.
There is a stone staircase leading up here.
Unknown command.
x - a potion of curing Erolcha the Cunning comes into view.
She is wielding an enchanted giant club.
Erolcha shouts!
Erolcha gestures at you while chanting. The bolt of fire hits you!
Ouch! That really hurt!
* * * LOW HITPOINT WARNING * * *
Found 13 bolts.
Drink which item? (? for menu, Esc to quit)
You feel very mighty all of a sudden.
Drink which item? (? for menu, Esc to quit)
You feel protected.
Erolcha hits you with an enchanted giant club!!
You die...

## .. #( ## #. .#
#..###O#### .###
#......@..###...#
#..######....##
####..###.###
##<.......
#####...# .#


You could see Erolcha.

Vanquished Creatures
  The ghost of Implojin the Ruffian, an amateur MiMo of Cheibriados (D:6)
  A wyvern (D:8)
  An ice beast (D:5)
  An orc warrior (D:8)
  A sky beast (D:5)
  A phantom (D:7)
  An orc priest (D:4)
  A jelly (D:7)
  Ijyb (D:3)
  3 hounds
  4 orc wizards
  3 worker ants
  Robin (D:4)
  3 gnolls (D:3)
  4 adders
  2 worms (D:2)
  3 giant geckos
  9 orcs
  4 bats
  4 giant cockroaches
  8 goblins
  11 hobgoblins
  3 quokkas
  2 giant newts
  A jackal skeleton (D:5)
  9 kobolds
  A quokka skeleton (D:5)
  A quokka zombie (D:7)
  5 rats
90 creatures vanquished.

Notes
Turn   | Place    | Note
--------------------------------------------------------------
     0 | D:1      | Implojin the Troll Fighter began the quest for the Orb.
     0 | D:1      | Reached XP level 1. HP: 22/22 MP: 0/0
    62 | D:3      | Noticed Ijyb
   101 | D:2      | Reached skill level 3 in Unarmed Combat
   101 | D:2      | Reached XP level 2. HP: 7/29 MP: 1/1
   156 | D:2      | Lost intelligence.
   258 | D:2      | Reached XP level 3. HP: 36/36 MP: 2/2
   532 | D:3      | Reached skill level 4 in Unarmed Combat
   549 | D:3      | Reached XP level 4. HP: 11/44 MP: 3/3
   602 | D:3      | Killed Ijyb
   607 | D:3      | Found a bloodstained altar of Trog.
   608 | D:3      | Noticed a wizard
   636 | D:3      | Reached skill level 5 in Unarmed Combat
   733 | D:5      | Entered Level 5 of the Dungeon
   827 | D:4      | Noticed Robin
   829 | D:3      | Found a burning altar of Makhleb.
   829 | D:3      | Found an ancient bone altar of Kikubaaqudgha.
   867 | D:4      | Killed Robin
   867 | D:4      | Reached XP level 5. HP: 50/50 MP: 4/4
   918 | D:5      | Found a staircase to the Ecumenical Temple.
   927 | Temple   | Entered the Ecumenical Temple
   994 | D:5      | Noticed an ice beast
  1005 | D:5      | Killed an ice beast
  1005 | D:5      | Reached skill level 6 in Unarmed Combat
  1005 | D:5      | Reached XP level 6. HP: 24/59 MP: 5/5
  1008 | D:5      | Noticed a sky beast
  1014 | D:5      | Killed a sky beast
  1014 | D:5      | Reached skill level 7 in Unarmed Combat
  1104 | D:7      | Reached XP level 7. HP: 48/66 MP: 6/6
  1130 | D:6      | Reached skill level 8 in Unarmed Combat
  1163 | D:6      | Noticed Implojin's ghost (amateur MiMo)
  1184 | D:6      | HP: 3/66 [Implojin's ghost (15)]
  1187 | D:6      | Killed Implojin's ghost
  1399 | D:7      | Reached skill level 9 in Unarmed Combat
  1423 | D:7      | Found a sparkling altar of Nemelex Xobeh.
  1423 | D:7      | Found an opulent altar of Gozag.
  1467 | D:8      | Noticed a wyvern
  1481 | D:8      | Killed a wyvern
  1481 | D:8      | Reached XP level 8. HP: 40/74 MP: 7/7
  1514 | D:9      | Noticed Erolcha
  1518 | D:9      | Slain by Erolcha

Action                   |  1- 3 |  4- 6 |  7- 9 || total
-------------------------+-------+-------+-------++-------
Melee: Unarmed           |    94 |   106 |    80 ||   280
  Use: Scroll            |     3 |     2 |     4 ||     9
       Potion            |       |     1 |     2 ||     3
 Stab: Distracted        |     1 |       |       ||     1
       Sleeping          |     2 |       |       ||     2
  Eat: Chunk             |    10 |     7 |     3 ||    20

Table legend:
 A = Turns spent in this place as a percentage of turns spent in the entire game.
 B = Non-inter-level travel turns spent in this place as a percentage of non-inter-level travel turns spent in the entire game.
 C = Inter-level travel turns spent in this place as a percentage of turns spent in this place.
 D = Turns resting spent in this place as a percentage of non-inter-level travel turns spent in this place.
 E = Turns spent auto-exploring this place as a percentage of non-inter-level travel turns spent in this place.
 F = Non-inter-level travel turns spent in this place divided by the number of levels of this place that you've seen.
                   A       B       C       D       E      F
               +-------+-------+-------+-------+-------+----------------------
         Total | 100.0 | 100.0 |   0.0 |   0.0 |   0.0 | 146.2
       Dungeon |  96.0 |  96.0 |   0.0 |   0.0 |   0.0 | 156.0
        Temple |   4.0 |   4.0 |   0.0 |   0.0 |   0.0 |  58.0
               +-------+-------+-------+-------+-------+----------------------

Table legend:
 A = Kills in this place as a percentage of kills in entire the game.
 B = Kills by you in this place as a percentage of kills by you in the entire game.
 C = Kills by friends in this place as a percentage of kills by friends in the entire game.
 D = Other kills in this place as a percentage of other kills in the entire game.
 E = Experience gained in this place as a percentage of experience gained in the entire game.
 F = Experience gained in this place divided by the number of levels of this place that you have seen.
                   A       B       C       D       E      F
               +-------+-------+-------+-------+-------+----------------------
         Total | 100.0 | 100.0 |  -nan |  -nan | 100.0 | 167.3
       Dungeon | 100.0 | 100.0 |  -nan |  -nan | 100.0 | 185.9
               +-------+-------+-------+-------+-------+----------------------
